AoeStats
← dfelip1991

Arabian Desert

510817571Analyzed
1v1 RM · 1d ago on Oct 2, 2026· 46m 42s· 2 players
Game mode
Random Map
Map size
Tiny (2 player)
Population
200
Speed
Normal
Resources
Standard
Victory
Conquest
Starting age
Dark Age
Ending age
Imperial Age
RankedLock teamsTeams togetherTeam positionsShared explorationLock speedFull tech treeHidden civsTurbo modeCheats
Victory
Defeat
🇸🇮 Hindustanis · Slovenia
871
+15
🇺🇸 Romans · United States
853
-15
dfelip1991
3:50 Loom
12:00 Feudal Age
12:47 Double-Bit Axe
22:45 Castle Age
21:09 Scale Barding Armor
21:09 Horse Collar
22:30 Gold Mining
22:46 Town Watch
22:48 Man-at-Arms
24:01 Chain Barding Armor
24:23 Wheelbarrow
24:05 Bloodlines
24:55 Long Swordsman
26:43 Squires
26:48 Husbandry
27:35 Scale Mail Armor
28:43 Stone Mining
30:02 Chain Mail Armor
30:20 Fletching
31:13 Bodkin Arrow
32:19 Ballistics
35:18 Gold Shaft Mining
38:18 Imperial Age
36:10 Heavy Plow
39:10 Forging
38:56 Legionary
41:21 Plate Barding Armor
41:53 Hand Cart
42:28 Iron Casting
dbriscik aka Bor
0:28 Loom
13:22 Feudal Age
13:59 Town Watch
14:49 Wheelbarrow
14:19 Double-Bit Axe
14:18 Horse Collar
22:25 Castle Age
20:40 Stone Mining
20:45 Gold Mining
21:09 Fletching
21:54 Forging
22:33 Scale Mail Armor
23:29 Hand Cart
23:17 Husbandry
23:53 Scale Barding Armor
27:32 Heavy Plow
28:12 Gold Shaft Mining
27:57 Squires
29:08 Bodkin Arrow
29:40 Murder Holes
35:52 Imperial Age
33:39 Guard Tower
34:00 Masonry
35:14 Grand Trunk Road
35:47 Ballistics
35:13 Pikeman
37:05 Conscription
36:48 Shatagni
37:50 Chemistry
36:14 Heavy Camel Rider
37:11 Bloodlines
38:02 Iron Casting
38:17 Bow Saw
38:19 Bracer
38:40 Chain Barding Armor
38:40 Chain Mail Armor
38:46 Imperial Camel Rider
42:34 Blast Furnace
42:18 Plate Barding Armor
45:01 Siege Engineers
Connection lost

Rejoining the realm…

Still unreachable

The connection could not be restored.

Session expired

The server has moved on; the page needs a fresh start.